Map: Givre EC

Players

Worming - Winner!

  • Race: Zerg Zerg
  • League: Diamond

Zörg

  • Race: Zerg Zerg
  • League: Diamond

VOD

Have the link to the VOD?

Description

Time

  • Played on: Oct. 1, 2016, 10:02 a.m.
  • Length: 12:51
Show
View Real Time Build Order
Export as new Build Order

Worming Zerg - Winner!

Build Orders: Hatch First 

Get SALT Encoding   

  12  0:01  Drone  
  13  0:13  Overlord  
  13  0:19  Drone  
  14  0:32  Drone x2  
  14  0:35  Drone  
  17  0:52  Hatchery  
  17  0:55  Drone  
  17  1:02  Drone  
  18  1:05  Extractor  
  17  1:17  Spawning Pool  
  17  1:18  Drone  
  17  1:20  Drone  
  18  1:31  Drone  
  19  1:41  Drone  
  20  1:50  Overlord  
  20  2:05  Queen  
  20  2:06  Queen, Zergling x2  
  20  2:07  Zergling x2  
  20  2:08  Metabolic Boost  
  26  2:13  Drone  
  27  2:36  Drone x5  
  32  2:43  Queen  
  34  2:45  Overlord  
  34  2:57  Drone x2  
  34  3:15  Drone x7  
  41  3:24  Spawning Pool  
  41  3:25  Hatchery  
  39  3:27  Zergling x2  
  40  3:41  Extractor  
  40  3:42  Drone x2, Extractor  
  40  3:43  Drone  
  40  3:46  Drone x3  
  40  3:48  Overlord  
  44  3:49  Overlord  
  44  4:00  Lair  
  44  4:11  Drone x3, Roach Warren  
  46  4:23  Drone, Evolution Chamber  
  46  4:32  Drone x9  
  54  4:55  Overlord x2  
  54  4:57  Drone x4  
  54  4:58  Zerg Missile Weapons Level 1, Glial Reconstitution  
  58  5:01  Overlord  
  58  5:02  Overlord  
  58  5:07  Drone  
  58  5:08  Drone x2, Extractor  
  60  5:15  Roach  
  60  5:20  Evolution Chamber  
  61  5:26  Roach x2  
  61  5:27  Roach x5  
  75  5:31  Pneumatized Carapace  
  75  5:37  Roach  
  75  5:38  Roach x4  
  85  5:51  Zerg Ground Armor Level 1  
  86  5:57  Drone x2  
  86  5:58  Drone x2  
  86  5:59  Drone  
  86  6:01  Overlord x2, Extractor  
  86  6:02  Overlord, Extractor  
  88  6:09  Infestation Pit  
  88  6:11  Roach  
  89  6:25  Spine Crawler  
  88  6:26  Drone x2  
  88  6:27  Drone x3  
  88  6:28  Drone x7  
  94  6:48  Hive  
  94  6:52  Zerg Melee Weapons Level 1  
  94  6:54  Queen x2  
  94  6:59  Roach x4  
  94  7:00  Roach x4  
  94  7:01  Overlord x4  
  114  7:10  Spine Crawler  
  113  7:16  Spine Crawler  
  104  7:23  Roach x5  
  104  7:24  Roach x3  
  104  7:29  Queen  
  102  7:32  Pathogen Glands  
  104  7:38  Roach x5  
  106  8:04  Ultralisk Cavern  
  105  8:07  Hatchery  
  105  8:11  Zerg Ground Armor Level 2  
  104  8:18  Infestor x2  
  108  8:27  Hatchery  
  107  8:36  Overlord  
  107  8:40  Roach x7  
  121  8:42  Zergling x4  
  119  9:18  Chitinous Plating  
  119  9:20  Ultralisk  
  125  9:25  Infestor x2  
  129  9:48  Hatchery  
  127  9:57  Zergling x2, Ultralisk x2  
  127  9:58  Roach x3  
  114  10:12  Roach x6  
  104  10:37  Spire  
  103  10:48  Roach x2  
  103  10:49  Roach x6  
  108  11:26  Ultralisk x2  
  115  11:51  Mutalisk x2  
  115  11:52  Mutalisk x2  
  115  11:53  Zergling x10  
  123  12:04  Mutalisk x2  
  123  12:05  Zergling x2  
  123  12:06  Zergling x8  
  132  12:10  Drone x2  
Show
View Real Time Build Order
Export as new Build Order

Zörg Zerg 

Build Orders: Hatch First 

Get SALT Encoding   

  12  0:05  Drone  
  13  0:27  Overlord  
  13  0:29  Drone  
  14  0:45  Drone x2  
  16  0:50  Drone  
  16  0:55  Hatchery  
  16  0:59  Drone  
  17  1:14  Spawning Pool  
  17  1:16  Drone  
  17  1:22  Drone  
  18  1:31  Drone  
  19  1:42  Overlord  
  19  1:53  Drone  
  20  2:01  Queen  
  20  2:04  Zergling x2  
  20  2:08  Queen  
  25  2:10  Drone  
  26  2:15  Drone  
  27  2:40  Hatchery  
  27  2:41  Queen  
  27  2:43  Queen, Drone x3  
  33  2:50  Drone x2  
  33  2:51  Drone  
  36  2:54  Extractor  
  36  2:55  Drone, Extractor  
  35  3:20  Drone  
  35  3:22  Overlord x2  
  35  3:39  Overlord x2  
  35  3:44  Drone x5  
  40  3:53  Drone x3  
  40  3:54  Drone x2  
  40  3:55  Metabolic Boost  
  45  4:04  Queen  
  47  4:10  Spine Crawler  
  47  4:12  Evolution Chamber x2  
  47  4:13  Queen  
  47  4:14  Drone x2  
  48  4:17  Zergling x2  
  48  4:22  Drone x3  
  48  4:23  Drone  
  53  4:25  Drone  
  53  4:40  Zerg Melee Weapons Level 1, Zerg Ground Armor Level 1  
  53  4:43  Drone x4  
  55  4:54  Drone x6  
  61  5:05  Zergling x4  
  63  5:12  Drone x6  
  63  5:13  Lair  
  69  5:22  Spine Crawler  
  68  5:30  Overlord x2  
  68  5:31  Overlord x4  
  68  5:36  Zergling x2  
  68  5:37  Zergling x10  
  74  5:47  Overlord x3  
  73  5:53  Spine Crawler x2  
  73  5:56  Spine Crawler  
  70  5:57  Queen  
  70  6:03  Zergling x2  
  70  6:04  Zergling x14  
  80  6:23  Zergling x6  
  80  6:24  Zergling x12  
  86  6:36  Zergling x18  
  94  6:40  Spire  
  94  6:41  Infestation Pit  
  94  6:44  Zerg Melee Weapons Level 2  
  90  6:50  Spine Crawler  
  90  6:52  Spine Crawler  
  88  6:54  Spine Crawler  
  88  6:58  Zerg Ground Armor Level 2  
  88  7:00  Zergling x18  
  96  7:03  Extractor  
  96  7:04  Extractor  
  96  7:06  Zergling x2  
  93  7:24  Overseer  
  93  7:35  Zergling x18  
  93  7:36  Zergling x8  
  105  7:47  Hatchery  
  94  7:54  Zergling x14  
  94  7:55  Zergling x10  
  97  8:02  Hive  
  97  8:10  Spine Crawler  
  97  8:11  Zergling x12, Spine Crawler  
  101  8:25  Overseer  
  101  8:26  Overseer  
  101  8:42  Drone  
  101  8:43  Drone x3  
  101  8:44  Corruptor  
  101  8:45  Corruptor  
  95  9:16  Greater Spire  
  88  9:18  Zergling x44  
  88  9:19  Zergling x4  
  112  9:25  Drone x4  
  112  9:27  Extractor  
  112  9:28  Queen, Extractor  
  116  9:40  Zergling x12  
  116  9:41  Zergling x2  
  116  9:53  Zergling x2  
  116  9:54  Zergling x14  
  101  10:03  Zergling x8  
  92  10:11  Zergling x10  
  90  10:29  Zergling x22  
  90  10:34  Adrenal Glands  
  101  10:37  Corruptor x4  
  101  10:40  Zergling x2  
  101  10:41  Zergling x2  
  110  10:52  Zergling x12, Brood Lord  
  110  10:53  Zergling x6  
  121  11:02  Zergling x12  
  106  11:10  Brood Lord  
  88  11:12  Zergling x14  
  87  11:28  Zergling x2  
  87  11:29  Zergling x8  
  91  11:39  Zergling x16  
  90  11:49  Brood Lord x2  
  92  11:58  Brood Lord  
  92  11:59  Brood Lord  
  96  12:23  Zergling x14  
  103  12:30  Hatchery  
Tags
 
Add a new tag
Caveats
  • Supply blocks, unpowered buildings, or Contaminate may cause inaccurate times.
  • Supply counts are checked every 10 seconds.